Description

TVP 3 Base Economic Olimo Game : Innovation VS Cloudy_Blackpink LE_G1

VOD

https://www.youtube.com/watch?v=xPjfAA9bqmQ

Replay - Innovation VS Cloudy_Blackpink LE_G1

Build Order

Get SALT Encoding   

  12  0:00  SCV  
  13  0:13  SCV  
  14  0:16  Supply Depot  
  14  0:25  SCV  
  15  0:38  SCV  
  15  0:39  Barracks  
  16  0:43  Refinery  
  16  0:50  SCV  
  17  1:02  SCV  
  18  1:14  SCV  
  19  1:26  Orbital Command, Reaper  
  20  1:46  Command Center  
  20  1:51  Supply Depot  
  20  1:52  SCV  
  21  1:58  Barracks Reactor  
  21  2:04  SCV  
  22  2:16  SCV  
  22  2:20  Command Center  
  24  2:33  Barracks  
  24  2:34  Marine x2  
  27  2:52  Marine x2  
  30  3:04  Orbital Command  
  30  3:10  Marine x2  
  33  3:21  Barracks Tech Lab  
  33  3:23  Engineering Bay  
  33  3:32  Marine x2, Orbital Command  
  37  3:40  Marine, Stimpack  
  38  3:48  Terran Infantry Weapons Level 1  
  40  3:50  Marine  
  44  3:56  Barracks  
  46  4:05  Bunker  
  52  4:17  Factory, Refinery x2  
  52  4:21  Supply Depot  
  57  4:35  Missile Turret  
  58  4:38  Supply Depot  
  58  4:43  Barracks Tech Lab  
  61  4:46  Refinery  
  67  5:01  Starport  
  67  5:02  Supply Depot, Factory Reactor  
  67  5:04  Combat Shields  
  66  5:13  Barracks x2  
  67  5:18  Marauder x2  
  72  5:40  Marauder x2  
  72  5:41  Concussive Shells  
  78  5:44  Medivac x2  
  78  5:47  Terran Infantry Armor Level 1  
  82  5:51  Factory Reactor  
  85  6:01  Barracks Reactor  
  85  6:02  Barracks Tech Lab  
  89  6:04  Marauder x2  
  89  6:09  Orbital Command  
  93  6:20  Medivac x2  
  97  6:29  Widow Mine x2  
  97  6:31  Marauder x3  
  111  6:52  Marauder, Widow Mine x2  
  119  7:00  Medivac x2  
  129  7:15  Widow Mine x2  
  147  7:41  Widow Mine x2  
  157  7:49  Medivac x2  
  161  8:02  Widow Mine x2  
Spawning Tool Build Advisor. Get it on Overwolf

Go to:

Details

  • Created by: rcityband
  • Published on: Jan 19, 2018
  • Modified on: Jan 19, 2018
  • Patch: 4.0.0
Show
View Real Time Build Order
Export as new Build Order

Comments (2)

On Jan. 20, 2018, 12:03 p.m., asemboler  said:

I love Crank, but.. the replay doesn't SEEEM to be very useful as it is not innovation, nor a clear build order guide lol

On Jan. 20, 2018, 12:03 p.m., asemboler  said:

I love Crank, but.. the replay doesn't SEEEM to be very useful as it is not innovation, nor a clear build order guide lol

Create an account to comment!